 Dungeon Crawl Stone Soup version 0.30-a0-393-g54b8e3be05 (webtiles) character file.

Game seed: 10712058478014326565

3879 zishaf the Covert (level 10, -9/55 HPs)
             Began as a Vine Stalker Brigand on Dec 5, 2022.
             Mangled by an orc warlord
             ... wielding a +8 broad axe
              (29 damage)
             ... in a bailey.
             The game lasted 00:16:11 (7152 turns).

zishaf the Covert (Vine Stalker Brigand)            Turns: 7152, Time: 00:16:12

Health: -9/55      AC: 10    Str: 27    XL:     10   Next: 19%
Magic:  0/11       EV: 11    Int: 13    God:
Gold:   185        SH: 10    Dex: 17    Spells: 9/9 levels left

rFire   . . .      SeeInvis .    a - +3 short sword (drain)
rCold   . . .      Faith    +    h - +4 buckler "Yteh" {Str+4 Int+2}
rNeg    + . .      Spirit   +    t - +3 leather armour
rPois   .          Reflect  .    u - +1 helmet
rElec   .          Harm     .    c - +0 cloak
rCorr   .          Rampage  .    (no gloves)
Will    +....                    C - +0 pair of boots
Stlth   ++++......               i - amulet of faith
HPRegen 1.09/turn                y - ring of positive energy
MPRegen 0.12/turn                E - +6 ring of strength

@: no status effects
A: fangs 3, regeneration 1, magic shield, antimagic bite, no potion heal 2
a: no special abilities


You were in a bailey.
You visited 2 branches of the dungeon, and saw 9 of its levels.
You also visited: Bailey.

You collected 626 gold pieces.
You spent 441 gold pieces at shops.

Inventory:

Hand Weapons
 a - a +3 short sword of draining (weapon)
 b - a +5 short sword
 l - a +2 dagger of flaming
 w - a +2 dagger
 G - a +2 dagger of electrocution
Missiles
 d - 20 poisoned darts (quivered)
 e - 3 curare-tipped darts
 j - 13 javelins
 o - a throwing net
Armour
 c - a +0 cloak (worn)
 h - the +4 buckler "Yteh" (worn) {Str+4 Int+2}
   (You acquired it on level 4 of the Dungeon)

   Str:       It affects your strength (+4).
   Int:       It affects your intelligence (+2).
 t - a +3 leather armour (worn)
 u - a +1 helmet (worn)
 C - a +0 pair of boots (worn)
Jewellery
 i - an amulet of faith (around neck)
 y - a ring of positive energy (left hand)
 E - a +6 ring of strength (right hand)
Wands
 g - a wand of mindburst (9)
 v - a wand of polymorph (5)
 x - a wand of roots (9)
 z - a wand of charming (12)
 A - a wand of flame (21)
Scrolls
 f - 9 scrolls of blinking
 n - a scroll of teleportation
 B - 4 scrolls of enchant armour
 H - a scroll of enchant weapon
 I - a scroll of fear
Potions
 k - 7 potions of curing
 m - 2 potions of ambrosia
 p - 2 potions of haste
 q - 2 potions of cancellation
 r - 2 potions of mutation {unknown}
 s - 2 potions of lignification
 D - a potion of flight {unknown}
 F - 3 potions of might {unknown}


   Skills:
 + Level 7.1 Fighting
 + Level 7.1 Short Blades
 - Level 4.0 Throwing
 - Level 1.0 Dodging
 - Level 8.0 Stealth
 - Level 5.0 Shields
 - Level 4.0 Evocations


You had 9 spell levels left.
You didn't know any spells.
Your spell library contained the following spells:

 Spells                   Type           Power      Damage    Failure   Level
 Kindle Blastsparks       Fire/Tloc/Air  0%         2d10      80%         3
 Fulminant Prism          Conj/Hex       0%         3d5       99%         4
 Iskenderun's Mystic Bla  Conj/Tloc      0%         2d3       99%         4
 Lee's Rapid Deconstruct  Erth           0%         3d4*      100%        5


Dungeon Overview and Level Annotations

Branches:
Dungeon (8/15)             Temple (1/1) D:4          Bailey (1/1)
   Lair: D:8-11

Altars:
Ashenzari
Dithmenos
Fedhas
Hepliaklqana
Kikubaaqudgha
Makhleb
Nemelex Xobeh
Qazlal
Ru
Sif Muna
Vehumet
Xom
Yredelemnul
Zin
The Shining One

Shops:
D:7 !   D:8 ?


Innate Abilities, Weirdness & Mutations

You have razor-sharp teeth.
Your natural rate of healing is unusually fast.
When hurt, damage is shared between your health and your magic reserves.
Your bite disrupts and absorbs the magic of your enemies.
Potions cannot restore your health.


Message History

Unknown command.
The grasping roots constrict the orc warrior.
The grasping roots constrict the orc warrior!
The grasping roots constrict the orc warlord.
The roots release their grip on the orc warrior.
The orc warlord struggles to escape constriction.
The grasping roots constrict the orc warrior.
The grasping roots constrict the orc warlord.
The roots release their grip on the orc warrior.
The roots release their grip on the orc warlord.
You block the orc warrior's attack.
You hit the orc warrior.
You kill the orc warrior!
The orc warlord attacks as you move away!
The orc warlord hits you with a +8 broad axe!
There is a fountain of clear blue water here.
Aiming: Fastroot
Press: ? - help, Shift-Dir - straight line, f/p - orc warlord
Aim: an orc warlord, wielding a +8 broad axe and wearing a +0 chain mail (severely wounded)
The roots erupt in riotous growth!
Roots grab the orc warlord.
The grasping roots constrict the orc warlord.
The orc warlord misses you.
The grasping roots constrict the orc warlord.
The roots release their grip on the orc warlord.
The orc warlord attacks as you move away!
The orc warlord hits you with a +8 broad axe!!
Ouch! That really hurt!
* * * LOW HITPOINT WARNING * * *
Aiming: Fastroot
Press: ? - help, Shift-Dir - straight line, f/p - orc warlord
Aim: an orc warlord, wielding a +8 broad axe and wearing a +0 chain mail (severely wounded)
The roots erupt in riotous growth!
Roots grab the orc warlord.
Roots grab the orc warrior.
The grasping roots constrict the orc warrior.
The grasping roots constrict the orc warlord.
The orc warrior struggles to escape constriction.
The orc warlord hits you with a +8 broad axe!!
Ouch! That really hurt!
You die...

### ### ###.### ###.###
###.....### ###.....###
##.........###.........##
#..........)#)..........#
#........o@.)...........#
#.....⌠.o...#)....⌠.....#
#...........#...........#
#...).....).#...........#
###.........###......)))###
###.#)#.....###.###.....#'#.##
###...).###.###...
###.###..... ##...).)...###
.... ###....... #.!........8#
..... #..))....


You could see an orc warlord (rooted) and an orc warrior (strong, rooted).

Vanquished Creatures
  Duvessa (D:5)
  3 water moccasins
  9 orc warriors
  2 ice beasts (D:7)
  3 sky beasts
  2 black bears
  2 phantoms
  A centaur (D:7)
  A bullfrog (D:6)
  2 necrophages
  2 scorpions
  A gnoll sergeant (D:5)
  8 wights
  Dowan (D:5)
  2 jellies
  3 gnoll boudas
  5 hounds
  5 iguanas
  2 orc wizards (D:7)
  Robin (D:2)
  23 gnolls
  6 adders
  A shadow imp (D:8)
  A white imp (D:6)
  An ufetubus (D:5)
  A worm (D:4)
  The ghost of innerfire433 the Sneak, a weakling DsDe (D:4)
  2 dart slugs
  26 orcs
  4 bats
  5 endoplasms
  2 giant cockroaches
  18 goblins
  13 hobgoblins
  2 jackals (D:1)
  4 kobolds
  2 quokkas
  3 ball pythons
  A frilled lizard (D:2)
  7 rats
179 creatures vanquished.

Vanquished Creatures (others)
  A bat (D:1)
1 creature vanquished.

Grand Total: 180 creatures vanquished

Notes
Turn   | Place    | Note
-------+----------+-------------------------------------------
     0 | D:1      | zishaf the Vine Stalker Brigand began the quest for the
                  | Orb.
     0 | D:1      | Reached XP level 1. HP: 11/11 MP: 2/2
   141 | D:1      | You fall into a shaft and drop 1 floor!
   226 | D:2      | Reached skill level 1 in Dodging
   226 | D:2      | Reached skill level 5 in Stealth
   226 | D:2      | Reached XP level 2. HP: 13/15 MP: 1/3
   508 | D:1      | Reached XP level 3. HP: 18/18 MP: 4/4
   892 | D:1      | Found Estocw's Jewellery Shoppe.
  1302 | D:2      | Found a hazy altar of Hepliaklqana.
  1336 | D:2      | Noticed Robin
  1618 | D:2      | Killed Robin
  1619 | D:2      | Gained mutation: Your natural rate of healing is unusually
                  | fast. [Vine Stalker growth]
  1619 | D:2      | Reached XP level 4. HP: 15/20 MP: 3/5
  1812 | D:3      | Found a shimmering altar of Xom.
  1950 | D:3      | Reached skill level 1 in Shields
  1950 | D:3      | Reached XP level 5. HP: 27/27 MP: 4/6
  2130 | D:3      | Found a radiant altar of Vehumet.
  2237 | D:3      | Identified the +6 flail of the Chickpea {freeze, Str+4
                  | SInv}
  2529 | D:4      | Noticed innerfire433's ghost (weakling DsDe)
  2531 | D:4      | Found a runed translucent gate.
  2531 | D:4      | Found a runed translucent gate.
  2531 | D:4      | Found a runed translucent gate.
  2625 | D:4      | Identified a scroll of acquirement
  2625 | D:4      | Acquired the +4 buckler "Yteh" {Str+4 Int+2}
  2887 | D:4      | Reached XP level 6. HP: 32/32 MP: 7/7
  2959 | D:4      | Reached skill level 6 in Stealth
  3250 | D:4      | Found a staircase to the Ecumenical Temple.
  3390 | Temple   | Entered the Ecumenical Temple
  3622 | D:4      | Killed innerfire433's ghost
  3675 | D:5      | Entered Level 5 of the Dungeon
  3717 | D:5      | Reached XP level 7. HP: 34/36 MP: 5/8
  4026 | D:5      | Found a hazy altar of Hepliaklqana.
  4216 | D:5      | Noticed Dowan
  4217 | D:5      | Noticed Duvessa
  4254 | D:5      | Killed Duvessa
  4262 | D:5      | Killed Dowan
  4263 | D:5      | Reached skill level 7 in Stealth
  4351 | D:5      | Gained mutation: You have razor-sharp teeth. [Vine Stalker
                  | growth]
  4351 | D:5      | Reached XP level 8. HP: 27/42 MP: 7/9
  5184 | D:6      | Reached skill level 8 in Stealth
  5184 | D:6      | Reached skill level 1 in Evocations
  5213 | D:6      | Found a basalt altar of Yredelemnul.
  5215 | D:6      | Found a sacrificial altar of Ru.
  5350 | D:6      | Reached skill level 5 in Fighting
  5350 | D:6      | Reached XP level 9. HP: 47/47 MP: 10/10
  5445 | D:6      | Reached skill level 5 in Short Blades
  6107 | D:7      | Reached skill level 5 in Shields
  6348 | D:7      | Found Biurasop's Distillery.
  6601 | D:8      | Found Cur Urgh's Magic Scroll Shop.
  6609 | D:8      | Bought a scroll of enchant weapon for 97 gold pieces
  6609 | D:8      | Bought 3 scrolls of blinking for 292 gold pieces
  6609 | D:8      | Bought a scroll of fear for 52 gold pieces
  6647 | D:8      | Found a blossoming altar of Fedhas.
  6877 | D:8      | Found a flagged portal.
  6891 | Bailey   | Entered a bailey
  6987 | Bailey   | Reached XP level 10. HP: 46/53 MP: 9/11
  7122 | Bailey   | Noticed an orc warlord
  7152 | Bailey   | Mangled by an orc warlord

Illustrated notes

Levels and vault maps discovered:
D:1:      sevenhm_arrival_forest_fort_large_4, layout_basic, serial_shops, shop,
          hangedman_abyss_or_decor_stabs, lemuel_flame_loot_1
D:2:      layout_rooms, basic_altar, serial_curves, eino_curves_02,
          eino_curves_03, uniq_robin
D:3:      layout_loops_ring, nicolae_vehumet_radiance,
          mainiacjoe_overflow_concentric_impassable, minmay_misc_feat_enclosed
D:4:      layout_loops_corners, minmay_temple_entry_fiery, gammafunk_ghost_split
D:5:      minmay_angry_zag, layout_basic, general_overflow_altar, uniq_duvessa
D:6:      layout_layer_cave, jmf_multi_god_temple
D:7:      layout_basic, serial_shops, nicolae_shop_behind_doors
D:8:      layout_loops_ring, fedhas_bush_and_centaur_altar,
          nicolae_overflow_two_pavilions, serial_shops, nicolae_stop_n_shop_2,
          enter_bailey_2
Temple:   hellmonk_temple_beads
Bailey:   bailey_axe_minmay_hex_keep, bailey

Skill      XL: |  1  2  3  4  5  6  7  8  9 10 |
---------------+-------------------------------+-----
Fighting       | 2 3 4 5 6 7 |  7.1
Short Blades   | 2 3 4 6 7 |  7.1
Throwing       | 2 3 4 |  4.0
Dodging        | 1 |  1.0
Stealth        | 5 6 7 8 |  8.0
Shields        | 1 2 3 4 5 |  5.0
Evocations     | 1 4 |  4.0

Action                   |  1- 3 |  4- 6 |  7- 9 | 10-12 || total
-------------------------+-------+-------+-------+-------++-------
Melee: Short sword       |    64 |   129 |   345 |    74 ||   612
       Bite              |    16 |    33 |   113 |    19 ||   181
       Dagger            |     1 |       |       |       ||     1
       Punch             |     1 |       |       |       ||     1
       Unarmed           |     1 |       |       |       ||     1
Throw: Dart              |     5 |    22 |     7 |       ||    34
Evoke: Wand              |       |       |       |     7 ||     7
  Use: Scroll            |       |    15 |     2 |       ||    17
 Stab: Sleeping          |     3 |     4 |    11 |     1 ||    19
       Distracted        |     1 |     1 |       |       ||     2
Armor: Robe              |     1 |       |       |       ||     1
       Leather armour    |     8 |       |    31 |     7 ||    46
       Ring mail         |    12 |       |       |       ||    12
       Animal skin       |       |    29 |    31 |       ||    60
Dodge: Dodged            |    30 |    47 |   113 |    19 ||   209
Block: Buckler           |     5 |    41 |   128 |    24 ||   198

Table legend: (Time is in decaauts)
 A = Elapsed time spent in this place.
 B = Non-inter-level travel time spent in this place.
 C = Inter-level travel time spent in this place.
 D = Time resting spent in this place.
 E = Time spent auto-exploring this place.
 F = Levels seen in this place.
 G = Mean time per level.
                   A        B        C        D        E       F      G
               +--------+--------+--------+--------+--------+-----+--------+
         Total |   7023 |   6675 |    348 |    108 |   4658 |  10 |  702.3 |
       Dungeon |   6692 |   6355 |    337 |    108 |   4536 |   8 |  836.5 |
        Temple |    104 |     93 |     11 |      0 |     84 |   1 |  104.0 |
        Bailey |    227 |    227 |      0 |      0 |     38 |   1 |  227.0 |
               +--------+--------+--------+--------+--------+-----+--------+

Top non-repeatable levels by time:
     D:5: 1267 daAuts
     D:4: 1067 daAuts
     D:1: 1025 daAuts
     D:6: 858 daAuts
     D:2: 733 daAuts
     D:3: 716 daAuts
     D:7: 695 daAuts
     D:8: 329 daAuts
  Bailey: 227 daAuts
  Temple: 104 daAuts
